 Dungeon Crawl Stone Soup version 0.29.1-1-gd02db69 (webtiles) character file.

Game seed: 12357352086030517861

29 Timinator the Ducker (level 3, 0/35 HPs)
             Began as a Gnoll Monk on Jan 19, 2023.
             Slain by a ball python (2 damage)
             ... on level 2 of the Dungeon.
             The game lasted 00:02:23 (1152 turns).

Timinator the Ducker (Gnoll Monk)                   Turns: 1152, Time: 00:02:24

Health: 0/35       AC:  2    Str: 10    XL:     3   Next: 16%
Magic:  4/4        EV: 12    Int:  9    God:
Gold:   41         SH:  0    Dex: 16    Spells: 3/3 levels left

rFire   . . .      SeeInvis .   a - +0 short sword
rCold   . . .      Faith    .   (no shield)
rNeg    . . .      Spirit   .   b - +0 robe
rPois   .          Reflect  .   (no helmet)
rElec   .          Harm     .   (no cloak)
rCorr   .          Rampage  .   (no gloves)
Will    .....                   (no boots)
Stlth   +++.......              (no amulet)
HPRegen 0.11/turn               (no ring)
MPRegen 0.09/turn               (no ring)

@: constricted
A: fangs 1, strong nose, distributed training
a: no special abilities


You were on level 2 of the Dungeon.
You visited 1 branch of the dungeon, and saw 2 of its levels.

You collected 41 gold pieces.

Inventory:

Hand Weapons
 a - a +0 short sword (weapon)
Armour
 b - a +0 robe (worn)
 i - a +0 ring mail
Scrolls
 d - 2 scrolls of butterflies {unknown}
 f - a scroll of acquirement {unknown}
 h - a scroll of teleportation {unknown}
 j - a scroll of enchant weapon {unknown}
 l - 2 scrolls of identify {unknown}
 m - a scroll of magic mapping {unknown}
 n - a scroll of enchant armour {unknown}
 o - a scroll of summoning {unknown}
Potions
 c - a potion of ambrosia
 e - a potion of berserk rage {unknown}
 g - 3 potions of heal wounds {unknown}
 k - a potion of flight {unknown}
 p - a potion of resistance {unknown}


   Skills:
 + Level 6.5 Fighting
 + Level 6.5 Short Blades
 + Level 0.7 Long Blades
 + Level 0.7 Axes
 + Level 0.7 Maces & Flails
 + Level 0.7 Polearms
 + Level 0.7 Staves
 + Level 0.7 Ranged Weapons
 + Level 0.7 Throwing
 + Level 0.7 Armour
 + Level 6.5 Dodging
 + Level 4.1 Stealth
 + Level 0.7 Shields
 + Level 0.7 Unarmed Combat
 + Level 0.7 Spellcasting
 + Level 0.5 Conjurations
 + Level 0.5 Hexes
 + Level 0.5 Summonings
 + Level 0.5 Necromancy
 + Level 0.5 Translocations
 + Level 0.5 Transmutations
 + Level 0.5 Fire Magic
 + Level 0.5 Ice Magic
 + Level 0.5 Air Magic
 + Level 0.5 Earth Magic
 + Level 0.5 Poison Magic
 + Level 0.9 Invocations
 + Level 0.7 Evocations


You had 3 spell levels left.
You didn't know any spells.
Your spell library was empty.

Dungeon Overview and Level Annotations

Branches:
Dungeon (2/15)

Altars:


Innate Abilities, Weirdness & Mutations

You have very sharp teeth.
Your uncanny sense of smell can sniff out nearby items.
Your experience applies equally to all skills.


Message History

The ball python hisses angrily.
The kobold throws a stone.
The stone hits you but does no damage.
You hit the gnoll.
The gnoll is lightly wounded.
The gnoll hits you with a +0 spear.
You closely miss the gnoll. You bite the gnoll.
The gnoll is lightly wounded.
You hit the gnoll.
The gnoll is moderately wounded.
The gnoll closely misses you.
You closely miss the gnoll.
The gnoll is moderately wounded.
The gnoll hits you with a +0 spear!
You barely miss the gnoll.
The gnoll is moderately wounded.
The gnoll closely misses you.
You hit the gnoll but do no damage.
The gnoll is moderately wounded.
The ball python barely misses you. The ball python closely misses you.
You hit the gnoll. Your bite misses the gnoll.
The gnoll is heavily wounded.
The ball python barely misses you. The ball python grabs you.
The ball python constricts you. The gnoll hits you with a +0 spear.
You hit the gnoll but do no damage. Your bite misses the gnoll.
The gnoll is heavily wounded.
The ball python misses you. The ball python constricts you.
The gnoll barely misses you.
You hit the gnoll.
The gnoll is almost dead.
The ball python bites you. The ball python constricts you.
The gnoll hits you with a +0 spear.
You hit the gnoll.
The gnoll is almost dead.
The ball python completely misses you. The ball python constricts you.
You completely miss the gnoll.
The gnoll is almost dead.
The gnoll hits you with a +0 spear!
* * * LOW HITPOINT WARNING * * *
The ball python bites you.
You die...

#.. #.#.# #..# #...#
#..### #####
#..##.##..# #
##..##K.. #..# # ..#
##..##..# #..##
....... ##..##..# #..#
.......###Sg.#...#∆
#... #.......#.@#...#
#. #.....#.#.###..# ∆
#. #.....#.#.####g.#
#. ..........# #..# #.
###......# #.K# #####.
####......###
#...##.....
#...........##
#.##..#### .
#............## ###.##
..##
#..........#..######.#


You could see a gnoll and a ball python.

Vanquished Creatures
  6 endoplasms
  3 goblins (D:1)
  2 hobgoblins
  A quokka (D:1)
  4 ball pythons (D:1)
  3 bats (D:1)
  4 frilled lizards
  3 kobolds (D:1)
  A rat (D:1)
27 creatures vanquished.

Notes
Turn   | Place    | Note
-------+----------+-------------------------------------------
     0 | D:1      | Timinator the Gnoll Monk began the quest for the Orb.
     0 | D:1      | Reached XP level 1. HP: 23/23 MP: 1/1
   248 | D:1      | Reached XP level 2. HP: 29/29 MP: 2/2
   672 | D:1      | Found a faded altar of an unknown god.
   904 | D:1      | Reached XP level 3. HP: 26/35 MP: 3/3
  1152 | D:2      | Slain by a ball python

Illustrated notes

Levels and vault maps discovered:
D:1:      reono_arrival_mine, layout_basic,
          chequers_ecumenical_altar_simple_redux
D:2:      minmay_alternating_diamond, layout_basic,
          hangedman_abyss_or_decor_lesser_grid

Action                   || total
-------------------------++-------
Melee: Short sword       ||    99
       Bite              ||    10
 Stab: Sleeping          ||     4
Armor: Robe              ||    12
Dodge: Dodged            ||    64
